AoeStats
← Zwanno

Fortress

510370044Analyzed
1v1 RM · 18h ago on Sep 30, 2026· 39m 30s· 2 players
Game mode
Random Map
Map size
Small (3 player)
Population
200
Speed
Normal
Resources
Standard
Victory
Conquest
Starting age
Dark Age
Ending age
Imperial Age
RankedLock teamsTeams togetherTeam positionsShared explorationLock speedFull tech treeHidden civsTurbo modeCheats
Victory
Defeat
🇬🇧 Chinese · United Kingdom
831
+29
🇸🇰 Romans · Slovakia
852
-17
Daftpig1
1:24 Loom
8:35 Feudal Age
13:52 Castle Age
11:43 Double-Bit Axe
12:53 Horse Collar
16:28 Scale Mail Armor
16:42 Forging
19:35 Bow Saw
20:21 Chain Mail Armor
20:42 Iron Casting
21:13 Gold Mining
22:13 Wheelbarrow
24:53 Squires
25:21 Hand Cart
25:30 Town Watch
27:03 Arson
31:19 Imperial Age
30:03 Town Patrol
31:34 Elite Fire Lancer
34:32 Plate Mail Armor
35:03 Blast Furnace
34:27 Ballistics
35:36 Fletching
37:17 Two-Man Saw
37:40 Masonry
37:10 Elite Chu Ko Nu
37:53 Bodkin Arrow
37:59 Padded Archer Armor
Zwanno
9:13 Feudal Age
9:34 Loom
14:05 Castle Age
11:48 Horse Collar
11:56 Double-Bit Axe
11:40 Man-at-Arms
13:46 Fletching
15:02 Wheelbarrow
15:25 Town Watch
16:58 Gold Mining
18:19 Bow Saw
21:52 Heavy Plow
25:10 Imperial Age
24:09 Gold Shaft Mining
25:25 Bloodlines
25:15 Husbandry
28:20 Crop Rotation
27:49 Stone Mining
27:53 Long Swordsman
28:39 Squires
30:28 Conscription
30:40 Hand Cart
31:10 Scale Mail Armor
31:21 Forging
31:17 Scale Barding Armor
31:56 Legionary
34:50 Masonry
35:44 Iron Casting
38:29 Comitatenses
39:06 Chain Mail Armor
39:52 Blast Furnace
38:47 Bodkin Arrow
40:00 Ballistics
40:40 Chemistry
Connection lost

Rejoining the realm…

Still unreachable

The connection could not be restored.

Session expired

The server has moved on; the page needs a fresh start.